TOP OF THE 1ST |
Brinkley Belugas batting - Pitching for Royse City Targaryens : LHP Fred Proctor
|
Pitching: LHP Fred Proctor
|
|
Batting: RHB Tony Ayala
|
0-0: Fly out, F8 (Flyball, 8RD)
|
Batting: RHB Wu-shiun Wang
|
0-0: Called Strike 0-1: Ball 1-1: Fly out, F8 (Flyball, 8LXD)
|
Batting: RHB Denis Higgins
|
0-0: Foul Ball, location: 2F 0-1: Ball 1-1: Called Strike 1-2: Ball 2-2: Ball 3-2: Foul Ball, location: 2F 3-2: Base on Balls
|
Batting: LHB Mario Nieves
|
0-0: Ball 1-0: Ball 2-0: Called Strike 2-1: Called Strike 2-2: Strikes out swinging
|
Top of the 1st over - 0 runs, 0 hits, 0 errors, 1 left on base; Brinkley 0 - Royse City 0 |
BOTTOM OF THE 1ST |
Royse City Targaryens batting - Pitching for Brinkley Belugas : RHP Shawn Williams
|
Pitching: RHP Shawn Williams
|
|
Batting: LHB Takahiro Suzuki
|
0-0: Foul Ball, location: 2F 0-1: Bunt missed! 0-2: Ball 1-2: Ground out 1-3 (Groundball, P)
|
Batting: RHB Víctor Cuevas
|
0-0: Ball 1-0: Ball 2-0: Foul Ball, location: 2F 2-1: Foul Ball, location: 2F 2-2: Ball 3-2: Foul Ball, location: 2F 3-2: Foul Ball, location: 2F 3-2: Fly out, F9 (Flyball, 9)
|
Batting: RHB Melvin Thomas
|
0-0: Ball 1-0: Called Strike 1-1: Ball 2-1: Ball 3-1: Base on Balls
|
Batting: LHB Joe Karnowski
|
0-0: Ball 1-0: Foul Ball, location: 2F 1-1: Ball 2-1: Foul Ball, location: 2F 2-2: Ball 3-2: Ground out 4-3 (Groundball, 4)
|
Bottom of the 1st over - 0 runs, 0 hits, 0 errors, 1 left on base; Brinkley 0 - Royse City 0 |
TOP OF THE 2ND |
Brinkley Belugas batting - Pitching for Royse City Targaryens : LHP Fred Proctor
|
Batting: RHB Hyeon-cheong Kim
|
0-0: Called Strike 0-1: Foul Ball, location: 2F 0-2: Foul Ball, location: 2F 0-2: Ball 1-2: Foul Ball, location: 2F 1-2: Foul Ball, location: 2F 1-2: Foul Ball, location: 2F 1-2: SINGLE (Line Drive, 5D)
|
Batting: RHB Ronald Comejo
|
0-0: Ball 1-0: Called Strike 1-1: Ball 2-1: Fielders Choice at 2nd, 2-4 (Groundball, 2L)
|
Batting: LHB Travis Towns
|
0-0: SINGLE (Line Drive, 6MD) Ronald Comejo to second Runner from 2nd tries for 3rd, SAFE, throw made to third
|
Batting: RHB Jouo Hirschovits
|
0-0: Ball 1-0: Swinging Strike 1-1: Foul Ball, location: 2F 1-2: SINGLE (Groundball, 56S) (infield hit) Ronald Comejo scores Travis Towns to second
|
Batting: SHB Jorge Colón
|
0-0: SINGLE (Groundball, 34D) Travis Towns to third Jouo Hirschovits to second Runner from 3rd tries for Home, SAFE, throw made home
|
Batting: RHB Tony Ayala
|
0-0: Ball 1-0: Ball 2-0: Foul Ball, location: 2F 2-1: Fielders Choice at 2nd, 6-4 (Groundball, 6) Jouo Hirschovits to third
|
Batting: RHB Wu-shiun Wang
|
0-0: Swinging Strike 0-1: Fly out, F5 (Line Drive, 5)
|
Top of the 2nd over - 2 runs, 4 hits, 0 errors, 2 left on base; Brinkley 2 - Royse City 0 |
BOTTOM OF THE 2ND |
Royse City Targaryens batting - Pitching for Brinkley Belugas : RHP Shawn Williams
|
Batting: SHB Miguel Herrera
|
0-0: Called Strike 0-1: Fly out, F8 (Flyball, 8LM)
|
Batting: RHB David Elías
|
0-0: Called Strike 0-1: Ball 1-1: Foul Ball, location: 2F 1-2: Ball 2-2: Foul Ball, location: 2F 2-2: Ball 3-2: Base on Balls
|
Batting: RHB José García
|
0-0: Ball 1-0: Ball 2-0: Foul Ball, location: 2F 2-1: Ball 3-1: Base on Balls David Elías to second
|
Batting: SHB Vernon T. Waldrip
|
0-0: Swinging Strike 0-1: Swinging Strike 0-2: Foul Ball, location: 2F 0-2: Ball 1-2: SINGLE (Groundball, 4D) David Elías to third José García to second Runner from 3rd tries for Home, SAFE, throw made home
|
Batting: RHB Breanainn Swartwood
|
0-0: Foul Ball, location: 2F 0-1: Fly out, F8 (Flyball, 8LD)
|
Batting: LHB Takahiro Suzuki
|
0-0: Ground out 4-3 (Groundball, 34D)
|
Bottom of the 2nd over - 1 run, 1 hit, 0 errors, 2 left on base; Brinkley 2 - Royse City 1 |
TOP OF THE 3RD |
Brinkley Belugas batting - Pitching for Royse City Targaryens : LHP Fred Proctor
|
Batting: RHB Denis Higgins
|
0-0: Called Strike 0-1: Ball 1-1: Ball 2-1: Swinging Strike 2-2: Ball 3-2: Ground out 5-3 (Groundball, 5)
|
Batting: LHB Mario Nieves
|
0-0: Foul Ball, location: 2F 0-1: SINGLE (Groundball, 4D)
|
Batting: RHB Hyeon-cheong Kim
|
0-0: Swinging Strike 0-1: Foul Ball, location: 2F 0-2: Foul Ball, location: 2F 0-2: Strikes out looking
|
Batting: RHB Ronald Comejo
|
0-0: Called Strike 0-1: Ball 1-1: Called Strike 1-2: Strikes out looking
|
Top of the 3rd over - 0 runs, 1 hit, 0 errors, 1 left on base; Brinkley 2 - Royse City 1 |
BOTTOM OF THE 3RD |
Royse City Targaryens batting - Pitching for Brinkley Belugas : RHP Shawn Williams
|
Batting: RHB Víctor Cuevas
|
0-0: Ball 1-0: Ball 2-0: Ball 3-0: Base on Balls
|
Batting: RHB Melvin Thomas
|
0-0: Ball 1-0: Fielders Choice at 2nd, 6-4 (Groundball, 6)
|
Batting: LHB Joe Karnowski
|
0-0: Foul Ball, location: 2F 0-1: Ball 1-1: Foul Ball, location: 2F 1-2: Strikes out swinging
|
Batting: SHB Miguel Herrera
|
0-0: Ball 1-0: Called Strike 1-1: Foul Ball, location: 2F 1-2: Ball 2-2: Ball 3-2: Foul Ball, location: 2F 3-2: Base on Balls Melvin Thomas to second
|
Batting: RHB David Elías
|
0-0: Foul Ball, location: 2F 0-1: Foul Ball, location: 2F 0-2: Ball 1-2: Ball 2-2: Ball 3-2: Strikes out swinging
|
Bottom of the 3rd over - 0 runs, 0 hits, 0 errors, 2 left on base; Brinkley 2 - Royse City 1 |
TOP OF THE 4TH |
Brinkley Belugas batting - Pitching for Royse City Targaryens : LHP Fred Proctor
|
Batting: LHB Travis Towns
|
0-0: Fly out, F5 (Popup, 56S)
|
Batting: RHB Jouo Hirschovits
|
0-0: Ball 1-0: Called Strike 1-1: Called Strike 1-2: Ground out 6-3 (Groundball, 6S)
|
Batting: SHB Jorge Colón
|
0-0: Ball 1-0: Fly out, F7 (Flyball, 7)
|
Top of the 4th over - 0 runs, 0 hits, 0 errors, 0 left on base; Brinkley 2 - Royse City 1 |
BOTTOM OF THE 4TH |
Royse City Targaryens batting - Pitching for Brinkley Belugas : RHP Shawn Williams
|
Batting: RHB José García
|
0-0: Called Strike 0-1: Ball 1-1: SINGLE (Line Drive, 4M)
|
Batting: SHB Vernon T. Waldrip
|
0-0: Grounds into double play, 4-6-3 (Groundball, 34D)
|
Batting: RHB Breanainn Swartwood
|
0-0: SINGLE (Groundball, 56D)
|
Batting: LHB Takahiro Suzuki
|
0-0: Ball 1-0: Foul Ball, location: 2F 1-1: Swinging Strike 1-2: Ground out 5-3 (Groundball, 5S)
|
Bottom of the 4th over - 0 runs, 2 hits, 0 errors, 1 left on base; Brinkley 2 - Royse City 1 |
TOP OF THE 5TH |
Brinkley Belugas batting - Pitching for Royse City Targaryens : LHP Fred Proctor
|
Batting: RHB Tony Ayala
|
0-0: Ball 1-0: Ball 2-0: Fly out, F6 (Line Drive, 6)
|
Batting: RHB Wu-shiun Wang
|
0-0: Called Strike 0-1: DOUBLE (Line Drive, 7LM)
|
Batting: RHB Denis Higgins
|
0-0: Ball 1-0: Foul Ball, location: 2F 1-1: Foul Ball, location: 2F 1-2: Ball 2-2: Fly out, F6 (Line Drive, 6) Lined into DP, 6-4 (Line Drive, 6)
|
Top of the 5th over - 0 runs, 1 hit, 0 errors, 0 left on base; Brinkley 2 - Royse City 1 |
BOTTOM OF THE 5TH |
Royse City Targaryens batting - Pitching for Brinkley Belugas : RHP Shawn Williams
|
Batting: RHB Víctor Cuevas
|
0-0: Called Strike 0-1: Foul Ball, location: 2F 0-2: SINGLE (Line Drive, 89S)
|
Batting: RHB Melvin Thomas
|
0-0: Ball 1-0: Fly out, F8 (Flyball, 89XD)
|
Batting: LHB Joe Karnowski
|
0-0: Ball 1-0: Called Strike 1-1: Ball 2-1: Foul Ball, location: 2F 2-2: Fielders Choice at 2nd, 4-6 (Groundball, 4)
|
Batting: SHB Miguel Herrera
|
0-0: Ball 1-0: Foul Ball, location: 2F 1-1: Called Strike Joe Karnowski steals 2nd base 1-2: Ball 2-2: Ball 3-2: Fly out, F8 (Flyball, 8LM)
|
Bottom of the 5th over - 0 runs, 1 hit, 0 errors, 1 left on base; Brinkley 2 - Royse City 1 |
TOP OF THE 6TH |
Brinkley Belugas batting - Pitching for Royse City Targaryens : LHP Fred Proctor
|
Batting: LHB Mario Nieves
|
0-0: Fly out, F7 (Flyball, 7S)
|
Batting: RHB Hyeon-cheong Kim
|
0-0: Called Strike 0-1: Foul Ball, location: 2F 0-2: Fly out, F3 (Popup, 3)
|
Batting: RHB Ronald Comejo
|
0-0: Ground out 2-3 (Groundball, 2R)
|
Top of the 6th over - 0 runs, 0 hits, 0 errors, 0 left on base; Brinkley 2 - Royse City 1 |
BOTTOM OF THE 6TH |
Royse City Targaryens batting - Pitching for Brinkley Belugas : RHP Shawn Williams
|
Batting: RHB David Elías
|
0-0: Foul Ball, location: 2F 0-1: Foul Ball, location: 2F 0-2: Strikes out swinging
|
Batting: RHB José García
|
0-0: Hit by Pitch
|
Batting: SHB Vernon T. Waldrip
|
0-0: Ball 1-0: Ball 2-0: SINGLE (Groundball, 34D) José García to second Runner from 2nd tries for 3rd, SAFE, no throw
|
Pitching: RHP Jon Dunn
|
|
Batting: RHB Breanainn Swartwood
|
0-0: Ball 1-0: Called Strike 1-1: Ball 2-1: SINGLE (Groundball, 6D) José García scores Vernon T. Waldrip to second
|
Batting: LHB Takahiro Suzuki
|
0-0: Ball 1-0: Ball 2-0: Foul Ball, location: 2F 2-1: DOUBLE (Line Drive, 9LM) Vernon T. Waldrip scores Breanainn Swartwood to third
|
Batting: RHB Víctor Cuevas
|
0-0: Hit by Pitch
|
Batting: RHB Melvin Thomas
|
0-0: Ball 1-0: Foul Ball, location: 2F 1-1: Fly out, F9 (Flyball, 9S) Runner from 3rd tags up, SCORES, no throw
|
Batting: LHB Joe Karnowski
|
0-0: Ball 1-0: Fly out, F7 (Flyball, 78M)
|
Bottom of the 6th over - 3 runs, 3 hits, 0 errors, 2 left on base; Brinkley 2 - Royse City 4 |
TOP OF THE 7TH |
Brinkley Belugas batting - Pitching for Royse City Targaryens : LHP Fred Proctor
|
Batting: LHB Travis Towns
|
0-0: Called Strike 0-1: Fly out, F7 (Flyball, 78S)
|
Batting: RHB Jouo Hirschovits
|
0-0: Ball 1-0: Called Strike 1-1: Swinging Strike 1-2: Ball 2-2: SINGLE (Line Drive, 7LS)
|
Batting: SHB Jorge Colón
|
0-0: Ball 1-0: Called Strike 1-1: Called Strike 1-2: Fly out, F6 (Popup, 15)
|
Batting: RHB Tony Ayala
|
0-0: Called Strike 0-1: Ball 1-1: Called Strike 1-2: Strikes out swinging
|
Top of the 7th over - 0 runs, 1 hit, 0 errors, 1 left on base; Brinkley 2 - Royse City 4 |
BOTTOM OF THE 7TH |
Royse City Targaryens batting - Pitching for Brinkley Belugas : RHP Jon Dunn
|
Batting: SHB Miguel Herrera
|
0-0: Called Strike 0-1: Ball 1-1: Called Strike 1-2: Ball 2-2: Strikes out swinging
|
Batting: RHB David Elías
|
0-0: Called Strike 0-1: Ground out 6-3 (Groundball, 6M)
|
Batting: RHB José García
|
0-0: Ball 1-0: Fly out, F5 (Line Drive, 56)
|
Bottom of the 7th over - 0 runs, 0 hits, 0 errors, 0 left on base; Brinkley 2 - Royse City 4 |
TOP OF THE 8TH |
Brinkley Belugas batting - Pitching for Royse City Targaryens : LHP Fred Proctor
|
Batting: RHB Wu-shiun Wang
|
0-0: Called Strike 0-1: Foul Ball, location: 2F 0-2: Strikes out swinging
|
Pitching: RHP Enrique García
|
|
Batting: RHB Denis Higgins
|
0-0: Ball 1-0: Called Strike 1-1: Swinging Strike 1-2: Ball 2-2: Ball 3-2: Strikes out swinging
|
Batting: LHB Mario Nieves
|
0-0: Called Strike 0-1: Ball 1-1: Ball 2-1: Foul Ball, location: 2F 2-2: Strikes out swinging
|
Top of the 8th over - 0 runs, 0 hits, 0 errors, 0 left on base; Brinkley 2 - Royse City 4 |
BOTTOM OF THE 8TH |
Royse City Targaryens batting - Pitching for Brinkley Belugas : RHP Jon Dunn
|
Batting: SHB Vernon T. Waldrip
|
0-0: Fly out, F7 (Flyball, 78M)
|
Batting: RHB Breanainn Swartwood
|
0-0: Fly out, F7 (Flyball, 7S)
|
Batting: LHB Takahiro Suzuki
|
0-0: Ground out 4-3 (Groundball, 4)
|
Bottom of the 8th over - 0 runs, 0 hits, 0 errors, 0 left on base; Brinkley 2 - Royse City 4 |
TOP OF THE 9TH |
Brinkley Belugas batting - Pitching for Royse City Targaryens : RHP Enrique García
|
Pitching: RHP Ralph McKinney
|
|
Batting: RHB Hyeon-cheong Kim
|
0-0: Foul Ball, location: 2F 0-1: Ball 1-1: Ball 2-1: Swinging Strike 2-2: Strikes out swinging, 2-3 out at first.
|
Batting: RHB Ronald Comejo
|
0-0: Foul Ball, location: 2F 0-1: Ball 1-1: Foul Ball, location: 2F 1-2: Ball 2-2: Foul Ball, location: 2F 2-2: Foul Ball, location: 2F 2-2: Strikes out swinging
|
Batting: LHB Travis Towns
|
0-0: Ground out 3-1 (Groundball, 34)
|
Top of the 9th over - 0 runs, 0 hits, 0 errors, 0 left on base; Brinkley 2 - Royse City 4 |
|